 Dungeon Crawl Stone Soup version 0.19-a0-958-gd69d43c (webtiles) character file.

177915 HAL9000 the Shatterer (level 17, -2/182 HPs)
             Began as an Ogre Hunter on July 11, 2016.
             Was a Believer of Uskayaw.
             Slain by a jumping spider (15 damage)
             ... on level 2 of the Spider Nest.
             The game lasted 01:34:10 (35481 turns).

HAL9000 the Shatterer (Ogre Hunter)                Turns: 35481, Time: 01:34:12

Health: -2/182     AC:  3    Str: 26    XL:     17   Next: 86%
Magic:  25/25      EV:  6    Int: 10    God:    Uskayaw [**....]
Gold:   2364       SH:  0    Dex: 16    Spells: 1 memorised, 15 levels left

rFire  + . .     SeeInvis +     T - +6 giant spiked club (freeze)
rCold  + + +     Gourm    .     M - +9 gold dragon armour "Zoucin" {rPois rF+ rC+ Str+2}
rNeg   + . .     Faith    .     (shield currently unavailable)
rPois  +         Spirit   .     z - +2 hat
rElec  .         Dismiss  +     w - +1 cloak {rC+}
rCorr  .         Reflect  .     (gloves unavailable)
SustAt .         Harm     .     (boots unavailable)
MR     +....                    o - amulet of dismissal
Stlth  ..........               b - ring "Riruclu" {rPois rC+ rN+ SInv}
                                Z - ring "Saunneri" {rC+ EV+3 Str+2 Dex+2 Stlth-}

@: corroded, very slightly contaminated, held, somewhat resistant to hostile
enchantments, extremely unstealthy
A: unfitting armour, tough skin 1
a: Stomp, Line Pass, Renounce Religion
}: 1/15 runes: decaying


You were on level 2 of the Spider Nest.
You worshipped Uskayaw.
Uskayaw was pleased with you.
You were not hungry.

You visited 6 branches of the dungeon, and saw 30 of its levels.
You also visited: Ice Cave.

You collected 3135 gold pieces.
You spent 771 gold pieces at shops.

Inventory:

Hand Weapons
 T - a +6 giant spiked club of freezing (weapon)
Missiles
 c - 18 large rocks
 m - 2 throwing nets
 y - 13 javelins (quivered)
Armour
 w - a +1 cloak of cold resistance (worn)
 z - a +2 hat (worn)
 M - the +9 gold dragon armour "Zoucin" (worn) {rPois rF+ rC+ Str+2}
   (You acquired it on level 9 of the Dungeon)

   It affects your strength (+2).
   It protects you from fire.
   It protects you from cold.
   It protects you from poison.
Jewellery
 b - the ring "Riruclu" (right hand) {rPois rC+ rN+ SInv}
   (You found it on level 6 of the Lair of Beasts)

   [ring of protection from cold]

   It protects you from cold.
   It protects you from poison.
   It protects you from negative energy.
   It lets you see invisible.
 o - an amulet of dismissal (around neck)
 O - an uncursed ring of flight
 Z - the ring "Saunneri" (left hand) {rC+ EV+3 Str+2 Dex+2 Stlth-}
   (You bought it in a shop on level 4 of the Dungeon)

   [ring of evasion]

   It affects your evasion (+3).
   It affects your strength (+2).
   It affects your dexterity (+2).
   It protects you from cold.
   It makes you less stealthy.
Wands
 g - a wand of iceblast (5/15)
 h - a wand of heal wounds (4/9)
 p - a wand of confusion (19/48)
 r - a wand of iceblast (5/15)
 t - a wand of iceblast (2/15)
 v - a wand of flame (29/48)
 A - a wand of lightning (5/15)
 H - a wand of iceblast (8/15)
 K - a wand of disintegration (16/24)
 S - a wand of slowing (26/48)
 V - a wand of confusion (43/48)
 X - a wand of acid (10/15)
Scrolls
 e - 2 scrolls of silence
 k - 8 scrolls of teleportation
 u - 6 scrolls of magic mapping
 B - 16 scrolls of remove curse
 G - a scroll of fear
 J - 3 scrolls of fog
 P - 8 scrolls of identify
 R - a scroll of summoning
Potions
 j - 11 potions of curing
 n - a potion of cure mutation
 C - a potion of magic
 D - a potion of might
 F - 3 potions of flight
 I - 2 potions of haste
 L - 2 potions of berserk rage
 N - 5 potions of brilliance
 Q - 2 potions of resistance
 U - a potion of agility
 Y - 6 potions of heal wounds
Miscellaneous
 x - a disc of storms
Comestibles
 f - 14 bread rations
 i - 10 royal jellies
 q - a slice of pizza
 s - 15 meat rations
 W - 11 fruits


   Skills:
 + Level 14.4 Fighting
 - Level 24.0 Maces & Flails
 + Level 10.3 Throwing
 + Level 10.0 Armour
 + Level 10.6 Dodging
 - Level 0.7 Stealth
 - Level 11.0 Invocations
 + Level 3.3 Evocations


You had 15 spell levels left.
You knew the following spells:

 Your Spells              Type           Power        Failure   Level  Hunger
o - Apportation           Tloc           #.........   100%        1    ##.....


Dungeon Overview and Level Annotations

Branches:
Dungeon (15/15)            Temple (1/1) D:7            Lair (6/6) D:9
  Swamp (4/4) Lair:2       Spider (2/4) Lair:2        Slime (0/5) Lair:6
    Orc (2/2) D:11            Elf (0/3) Orc:2        Vaults (0/5) D:14
 Depths (0/5) D:15

Altars:
Ashenzari
Cheibriados
Dithmenos
Elyvilon
Fedhas
Gozag
Hepliaklqana
Kikubaaqudgha
Makhleb
Nemelex Xobeh
Okawaru
Pakellas
Qazlal
Ru
Sif Muna
Trog
Uskayaw
Vehumet
Xom
Yredelemnul
Zin
The Shining One
Beogh

Shops:
D:4 %*=   D:6 [   D:14 *!   Orc:2 ![[:


Innate Abilities, Weirdness & Mutations

You are too large for most types of armour.
You have tough skin. (AC +1)


Message History

The entropy weaver casts a spell.
The entropic weave corrodes you!
The jumping spider leaps!
The jumping spider pounces on you!
* * * LOW HITPOINT WARNING * * *
You are caught in a web!
The jumping spider bites you but does no damage.
You can't do that while caught in a web.
You can't do that while caught in a web.
Unknown command.
You feel better.
The jumping spider leaps!
The jumping spider pounces on you!
* * * LOW HITPOINT WARNING * * *
The jumping spider bites you but does no damage.
You feel much better. The jumping spider pounces on you!
* * * LOW HITPOINT WARNING * * *
The jumping spider barely misses you. The jumping spider pounces on you!
* * * LOW HITPOINT WARNING * * *
The jumping spider bites you.
* * * LOW HITPOINT WARNING * * *
The jumping spider pounces on you!
You die...

...§...... ....
........ ....
......# ..... ##
#.. ..##..^..
#≈###≈##....^....
#(≈#((^#........
##§†.a...........
#≈≈..(.sy........
#≈≈≈.^s.s@..##....
##≈≈(......%......
#§....#.........
#≈.##............
#≈≈.^.(..........
###..............
##...........#≈
............≈


You could see an entropy weaver, a hornet, an orb spider and 2 jumping spiders.

Vanquished Creatures
  Gastronok (Lair:2)
  Frances (D:14)
  2 thorn hunters
  The ghost of tstbtto the Fencer, a journeyman MiFi of Cheibriados (D:12)
  2 very ugly things
  Azrael (D:14)
  The ghost of AnCiEnTIStOnEIBeAsT the Basher, a journeyman HaFi of Okawaru (D:12)
  Erolcha (Orc:2)
  A yaktaur captain (D:15)
  A fire dragon (Lair:6)
  3 vault guards (D:14)
  Fannar (Lair:3)
  2 centaur warriors
  An ogre mage (Orc:2)
  26 hydras
  16 death yaks
  3 alligators (Swamp:2)
  2 tengu warriors (D:15)
  Urug (Lair:3)
  A spriggan (Swamp:4)
  4 skeletal warriors (D:15)
  4 unseen horrors
  A spriggan druid (Swamp:4)
  Pikel (D:7)
  3 lindwurms (Swamp:4)
  12 swamp dragons
  7 hill giants
  3 shambling mangroves
  A wizard (D:14)
  2 orc knights (Orc:2)
  4 necromancers
  5 wolf spiders
  3 hornets
  6 ugly things
  12 orc sorcerers
  A cyclops (D:15)
  An orb spider (Spider:1)
  A manticore (D:13)
  An oklob plant (Lair:4)
  2 deep elf magi
  5 black mambas
  2 ice statues (IceCv)
  8 torpor snails (Lair:6)
  20 elephants
  Joseph (D:7)
  2 gargoyles
  15 spiny frogs
  5 rime drakes
  A redback zombie (D:15)
  An efreet (D:13)
  4 demonic crawlers
  10 komodo dragons
  2 yaktaurs
  9 ice devils (IceCv)
  A queen bee (Lair:5)
  3 meliai (Lair:5)
  3 jumping spiders
  A tengu conjurer (D:15)
  8 polar bears (Lair:6)
  7 trolls
  A two-headed ogre (D:9)
  Grinder (D:4)
  21 giant leeches
  4 bog bodies
  A boulder beetle (Spider:1)
  18 blink frogs
  A raiju (shapeshifter) (D:15)
  15 slime creatures
  4 raiju (Lair:6)
  A wraith (D:11)
  5 tarantellas
  4 redbacks
  5 shadows
  2 wyverns
  17 humans (D:14)
  56 yaks
  A water elemental (D:15)
  3 basilisks
  3 fire elementals (D:14)
  11 hippogriffs
  19 vampire mosquitoes
  15 swamp worms
  Edmund (D:6)
  2 soldier ants
  10 wargs
  18 water moccasins
  3 hell hounds
  9 porcupines
  3 ice beasts
  Duvessa (D:4)
  8 swamp drakes
  14 orc warriors
  2 phantoms (D:7)
  3 slaves (D:6)
  2 sky beasts
  10 wasps
  A necrophage (D:6)
  17 black bears
  17 ogres
  22 wolves
  6 centaurs
  11 crocodiles
  10 giant frogs
  Dowan (D:4)
  2 scorpions
  5 wights (D:11)
  27 killer bees
  6 howler monkeys
  4 electric eels
  6 crimson imps
  2 giant frog zombies
  A quasit (D:7)
  4 centaur skeletons
  3 centaur zombies
  28 hounds
  6 jellies
  9 orc priests
  Terence (D:3)
  7 iguanas
  29 orc wizards
  A polar bear simulacrum (Lair:2)
  5 worker ants
  4 yak simulacra (Lair:2)
  17 sheep
  2 wolf simulacra (Lair:2)
  2 hound skeletons
  Robin (D:4)
  A howler monkey zombie (D:6)
  14 adders
  6 gnolls (D:6)
  35 river rats
  5 shadow imps
  23 white imps
  5 ufetubi (IceCv)
  An ooze (D:2)
  An adder zombie (D:5)
  2 adder skeletons
  2 worms
  3 dart slugs
  5 giant geckos
  66 orcs
  2 ball pythons
  5 giant cockroaches
  10 goblins
  10 hobgoblins
  12 jackals
  9 kobolds
  9 quokkas
  9 bats
  6 giant newts
  7 rats
  4 river rat simulacra (Lair:2)
  6 briar patches
  4 fungi
  5 plants
1068 creatures vanquished.

Vanquished Creatures (others)
  A tarantella (Spider:2)
  A slave (D:7)
  A black bear (Lair:6)
  A swamp drake (Swamp:1)
  An ufetubus (IceCv)
  3 briar patches (Swamp:1)
  25 fungi
  27 plants
60 creatures vanquished.

Grand Total: 1128 creatures vanquished

Notes
Turn   | Place    | Note
-------+----------+-------------------------------------------
     0 | D:1      | HAL9000 the Ogre Hunter began the quest for the Orb.
     0 | D:1      | Reached XP level 1. HP: 22/22 MP: 1/1
    72 | D:1      | Reached XP level 2. HP: 25/31 MP: 2/2
   536 | D:1      | Reached XP level 3. HP: 36/39 MP: 3/3
   544 | D:1      | Reached skill level 1 in Maces & Flails
   804 | D:2      | Reached skill level 2 in Maces & Flails
  1213 | D:2      | Reached XP level 4. HP: 18/48 MP: 4/4
  1562 | D:2      | Reached skill level 3 in Maces & Flails
  1938 | D:3      | Noticed Terence
  1968 | D:3      | Killed Terence
  2300 | D:3      | Reached XP level 5. HP: 39/54 MP: 5/5
  2314 | D:3      | Reached skill level 4 in Maces & Flails
  2464 | D:3      | Found an iron altar of Okawaru.
  2803 | D:4      | Found Joahiat's Assorted Antiques.
  2811 | D:4      | Found Yxuerir's Food Boutique.
  2812 | D:4      | Bought a scroll of teleportation for 84 gold pieces
  2817 | D:4      | Noticed an ogre
  2822 | D:4      | Noticed Grinder
  2823 | D:4      | Killed an ogre
  2823 | D:4      | Reached skill level 5 in Maces & Flails
  2823 | D:4      | Reached XP level 6. HP: 54/62 MP: 6/6
  2836 | D:4      | Paralysed by Grinder for 5 turns
  2843 | D:4      | Killed Grinder
  2843 | D:4      | Reached skill level 6 in Maces & Flails
  2843 | D:4      | Reached skill level 5 in Throwing
  2916 | D:4      | Reached XP level 7. HP: 37/70 MP: 7/7
  3299 | D:4      | Reached skill level 7 in Maces & Flails
  3309 | D:4      | Noticed Robin
  3562 | D:4      | Killed Robin
  3880 | D:4      | Found Legimust's Jewellery Boutique.
  3955 | D:4      | Reached skill level 8 in Maces & Flails
  4103 | D:4      | Noticed Duvessa
  4103 | D:4      | Noticed Dowan
  4116 | D:4      | Killed Duvessa
  4128 | D:4      | Killed Dowan
  4424 | D:5      | Entered Level 5 of the Dungeon
  4470 | D:5      | Reached XP level 8. HP: 78/78 MP: 8/8
  4492 | D:5      | Reached skill level 9 in Maces & Flails
  4503 | D:5      | Found a snail-covered altar of Cheibriados.
  5770 | D:6      | Reached skill level 10 in Maces & Flails
  6476 | D:6      | Found Urphoiv's Armour Emporium.
  6534 | D:6      | Noticed Edmund
  6545 | D:6      | Killed Edmund
  6547 | D:6      | Reached skill level 11 in Maces & Flails
  7102 | D:6      | Reached XP level 9. HP: 14/84 MP: 9/9
  7594 | D:6      | Reached skill level 12 in Maces & Flails
  7622 | D:7      | Noticed Pikel
  7823 | D:7      | Killed Pikel
  8283 | D:7      | Got a brightly glowing great sword
  8295 | D:7      | Reached skill level 13 in Maces & Flails
  8410 | D:7      | Noticed Joseph
  8743 | D:7      | Found a staircase to the Ecumenical Temple.
  8803 | Temple   | Entered the Ecumenical Temple
  8846 | Temple   | Became a worshipper of Uskayaw the Reveler
  8896 | D:7      | Reached * piety under Uskayaw
  8898 | D:7      | Reached ** piety under Uskayaw
  8899 | D:7      | Killed Joseph
  9221 | D:7      | Got a sheer robe
  9234 | D:7      | Identified the cursed +1 robe of Monotheism {rF+ Regen+ Int+2 Dex+6} (You found it on level 7 of the Dungeon)
  9235 | D:7      | Identified the +8 great sword of Defiance {drain, Fragile +Blink Int+3 Dex+4} (You found it on level 7 of the Dungeon)
  9681 | D:8      | Reached skill level 5 in Dodging
  9736 | D:8      | Reached XP level 10. HP: 88/93 MP: 10/10
  9737 | D:8      | Reached skill level 14 in Maces & Flails
  9767 | D:8      | Reached skill level 1 in Invocations
  9990 | D:8      | Found a shattered altar of Ashenzari.
 10007 | D:8      | Found a shimmering altar of Xom.
 10007 | D:8      | Found a white marble altar of Elyvilon.
 10231 | D:8      | Reached skill level 5 in Fighting
 10447 | D:9      | Identified a scroll of acquirement
 10448 | D:9      | Got an amethyst-studded gold dragon armour
 10460 | D:9      | Identified the +9 gold dragon armour "Zoucin" {rPois rF+ rC+ Str+2} (You acquired it on level 9 of the Dungeon)
 10469 | D:9      | Noticed a hill giant
 10669 | D:9      | Found a staircase to the Lair.
 10735 | D:9      | Reached *** piety under Uskayaw
 10738 | D:9      | Reached **** piety under Uskayaw
 10765 | D:9      | Killed a hill giant
 10765 | D:9      | Reached skill level 1 in Armour
 11168 | D:9      | Found a shattered altar of Ashenzari.
 11258 | D:10     | Entered Level 10 of the Dungeon
 11275 | Lair:1   | Entered Level 1 of the Lair of Beasts
 11316 | Lair:1   | Noticed an eight-headed hydra
 11332 | D:9      | Reached skill level 15 in Maces & Flails
 11622 | Lair:1   | Killed an eight-headed hydra
 11622 | Lair:1   | Reached XP level 11. HP: 58/107 MP: 12/14
 11624 | Lair:1   | Reached ***** piety under Uskayaw
 12063 | Lair:1   | You fall through a shaft!
 12063 | Lair:2   | Found a hole to the Spider Nest.
 12587 | Lair:1   | Reached skill level 5 in Invocations
 12779 | Lair:1   | Reached skill level 16 in Maces & Flails
 13289 | Lair:2   | Found a staircase to the Swamp.
 13305 | Lair:2   | Noticed Gastronok
 13318 | Lair:2   | Killed Gastronok
 13377 | Lair:2   | Reached XP level 12. HP: 101/119 MP: 16/16
 14072 | Lair:2   | Reached skill level 17 in Maces & Flails
 14342 | Lair:3   | Noticed Urug
 14351 | Lair:3   | Killed Urug
 14376 | Lair:3   | Noticed a death yak
 14380 | Lair:3   | Noticed a death yak
 14381 | Lair:3   | Noticed a death yak
 14381 | Lair:3   | Noticed a death yak
 14381 | Lair:3   | Noticed a death yak
 14387 | Lair:3   | Noticed a death yak
 14396 | Lair:2   | Killed a death yak
 14634 | Lair:3   | Noticed Fannar
 14637 | Lair:3   | Killed Fannar
 14651 | Lair:3   | Noticed an eight-headed hydra
 14660 | Lair:3   | Killed an eight-headed hydra
 14758 | Lair:3   | Reached skill level 5 in Armour
 14818 | Lair:3   | Killed a death yak
 14822 | Lair:3   | Killed a death yak
 14976 | Lair:2   | Killed a death yak
 15073 | Lair:3   | Reached XP level 13. HP: 100/132 MP: 18/18
 15154 | Lair:3   | Reached skill level 18 in Maces & Flails
 15645 | Lair:3   | Reached skill level 10 in Fighting
 17806 | Lair:5   | Reached skill level 19 in Maces & Flails
 18008 | Lair:5   | Reached XP level 14. HP: 138/146 MP: 20/20
 18049 | Lair:5   | Reached ****** piety under Uskayaw
 18631 | Lair:6   | Entered Level 6 of the Lair of Beasts
 18704 | Lair:6   | Found a staircase to the Slime Pits.
 19903 | Lair:6   | Reached skill level 20 in Maces & Flails
 19906 | Lair:6   | Reached skill level 10 in Invocations
 20000 | Lair:6   | Found a runed door.
 20288 | Lair:6   | Got a bloodstained lajatang
 20291 | Lair:6   | Identified the cursed +2 lajatang "Glorpo" {venom, rF+ Str+4 Dex-3} (You found it on level 6 of the Lair of Beasts)
 20999 | Lair:6   | Learned a level 1 spell: Apportation
 21193 | Lair:6   | Reached XP level 15. HP: 36/158 MP: 13/22
 22000 | Lair:6   | Got a crude copper ring
 22002 | Lair:6   | Identified the ring "Riruclu" {rPois rC+ rN+ SInv} (You found it on level 6 of the Lair of Beasts)
 22703 | D:4      | Bought the ring "Saunneri" {rC+ EV+3 Str+2 Dex+2 Stlth-} for 462 gold pieces
 24157 | D:11     | Found a staircase to the Orcish Mines.
 24368 | D:12     | Noticed tstbtto's ghost (journeyman MiFi)
 24403 | D:12     | Killed tstbtto's ghost
 24403 | D:12     | Reached skill level 21 in Maces & Flails
 24972 | D:12     | Found a frozen archway.
 25011 | IceCv    | Entered an ice cave
 25394 | D:12     | Noticed AnCiEnTIStOnEIBeAsT's ghost (journeyman HaFi)
 25399 | D:12     | Killed AnCiEnTIStOnEIBeAsT's ghost
 26441 | D:14     | Found a roughly hewn altar of Beogh.
 26524 | D:14     | Reached skill level 1 in Evocations
 26587 | D:14     | Found Xuat's Distillery.
 26595 | D:14     | Bought a potion of heal wounds for 75 gold pieces
 26595 | D:14     | Bought a potion of heal wounds for 75 gold pieces
 26595 | D:14     | Bought a potion of heal wounds for 75 gold pieces
 26607 | D:14     | Found Edghostoawk's Elemental Accessories.
 26730 | D:14     | Found a gate to the Vaults.
 27086 | D:14     | Noticed Frances
 27094 | D:14     | Noticed Azrael
 27095 | D:14     | Killed Frances
 27095 | D:14     | Reached XP level 16. HP: 160/169 MP: 24/24
 27104 | D:14     | Killed Azrael
 27367 | D:15     | Entered Level 15 of the Dungeon
 27435 | D:15     | Got a crystal arbalest
 27436 | D:15     | Identified the +5 arbalest of Eternal War {venom, Int+3 SInv} (You found it on level 15 of the Dungeon)
 28306 | D:15     | Found a staircase to the Depths.
 28687 | Orc:1    | Entered Level 1 of the Orcish Mines
 28703 | Orc:1    | Reached skill level 22 in Maces & Flails
 28897 | Orc:2    | Entered Level 2 of the Orcish Mines
 29374 | Orc:2    | Found a staircase to the Elven Halls.
 29611 | Orc:2    | Found a radiant altar of Vehumet.
 29613 | Orc:2    | Noticed Erolcha
 29623 | Orc:2    | Killed Erolcha
 29643 | Orc:2    | Found Xiomnati's Antique Armour Shop.
 29658 | Orc:2    | Found a roughly hewn altar of Beogh.
 29658 | Orc:2    | Found Rihim's Distillery.
 29659 | Orc:2    | Found Pethy's Book Boutique.
 29675 | Orc:2    | Found an ancient bone altar of Kikubaaqudgha.
 29888 | Orc:2    | Found Lutefa's Antique Armour Shop.
 30184 | Swamp:1  | Entered Level 1 of the Swamp
 30421 | Swamp:1  | Reached skill level 23 in Maces & Flails
 30620 | Swamp:1  | Noticed a thorn hunter
 30648 | Swamp:1  | Killed a thorn hunter
 31401 | Swamp:2  | Reached XP level 17. HP: 130/178 MP: 25/25
 31714 | Swamp:2  | Reached skill level 24 in Maces & Flails
 32209 | Swamp:3  | Reached skill level 10 in Dodging
 32993 | Swamp:4  | Entered Level 4 of the Swamp
 33640 | Swamp:4  | Got a decaying rune of Zot
 33738 | Swamp:4  | Reached skill level 10 in Throwing
 34310 | Spider:1 | Entered Level 1 of the Spider Nest
 34368 | Spider:1 | Got a pair of slimy gloves
 34369 | Spider:1 | Identified the +2 pair of gloves "Fek Zorr" {+Blink Str+4 SInv} (You found it on level 1 of the Spider Nest)
 34716 | Spider:1 | Reached skill level 10 in Armour
 35481 | Spider:2 | Slain by a jumping spider

Vault maps used:
D:1:      minmay_arrival_shattered_statue, minmay_tiny_reverse_x
D:2:      minmay_misc_feat_five
D:3:      first_bread, okawaru_gym_becter, uniq_terence
D:4:      serial_shops, nicolae_shop_statue_plus,
          nicolae_shop_overgrown_old_shop, nicolae_shop_statue_plus, uniq_robin,
          uniq_grinder, uniq_duvessa
D:5:      lemuel_crystal_altar
D:6:      serial_shops, nicolae_shop_trees, uniq_edmund
D:7:      uniq_pikel, uniq_joseph
D:8:      gammafunk_temple_overflow_forgotten, grunt_ogre_cave,
          serial_park_tiny_1, kennysheep_small_circle
D:9:      dpeg_oklobed_lair, stair_cage_open, ashenzari_altar_1
D:10:     minmay_misc_feat_nine_boxes, lemuel_flamethrower_2
D:11:     orc_0_dummy
D:12:     portal_ice_cave_entry_imps
D:13:     serial_column_ruins, column_ruins_columns_plus, column_ruins_grid_1,
          column_ruins_open_tiny, column_ruins_grid_2, column_ruins_grid_1
D:14:     grunt_vaults_entry_tiered, special_room, serial_shops,
          nicolae_shop_waterfront, serial_park_square3, nicolae_elemental_shop,
          uniq_azrael, uniq_frances
D:15:     grunt_enter_depths_snipers, nicolae_benzene_ring, water_boxes_lemuel
Temple:   compressed_dpeg_circular_temple
Lair:1:   grunt_megastairs_5, serial_bayou_shore_a
Lair:2:   swamp_mist_pool, dummy_spider_entry, eino_house_with_fridge,
          uniq_gastronok
Lair:3:   wad_woods_river_01, lemuel_fruit_fields, uniq_urug, uniq_fannar
Lair:6:   hangedman_lair_caniforms_friends, wormcave, slime_dummy
Swamp:1:  serial_swamp_ruin, evilmike_swamp_ruin_house_3,
          evilmike_swamp_ruin_house_5, swamp_pool4, st_swamp_ruins_1
Swamp:2:  evilmike_swamp_ruin_house_2, swamp_pool4, infiniplex_staircase_pool
Swamp:3:  evilmike_swamp_ruin_rubble_2
Swamp:4:  swamp_alternative
Spider:2: uniq_agnes
Orc:1:    serial_shops, shop
Orc:2:    kennysheep_orc_mage_school
IceCv:    ice_cave_small_demon

Skill      XL: |  1  2  3  4  5  6  7  8  9 10 11 12 13 14 15 16 17 |
---------------+----------------------------------------------------+-----
Fighting       | 3 4 6 8 9 11 12 13 14 | 14.4
Dodging        | 2 5 6 7 8 9 10 | 10.6
Maces & Flails | 2 3 5 6 8 11 13 15 16 17 19 20 21 23 24 | 24.0
Throwing       | 5 6 8 10 | 10.3
Invocations    | 4 5 7 9 10 11 | 11.0
Armour         | 2 3 5 6 7 8 9 10 | 10.0
Evocations     | 1 3 |  3.3
Stealth        | |  0.7

Action                   |  1- 3 |  4- 6 |  7- 9 | 10-12 | 13-15 | 16-18 || total
-------------------------+-------+-------+-------+-------+-------+-------++-------
Melee: Short sword       |    39 |       |       |       |       |       ||    39
       Whip              |    18 |       |       |       |       |       ||    18
       Mace              |    86 |    58 |       |       |       |       ||   144
       Flail             |       |    69 |    56 |       |       |       ||   125
       Giant club        |       |       |   244 |       |       |       ||   244
       Giant spiked club |       |       |    37 |   489 |  1361 |   793 ||  2680
Throw: Javelin           |       |    12 |    15 |    17 |    20 |    28 ||    92
       Large rock        |       |     4 |    21 |    23 |    19 |     3 ||    70
       Throwing net      |       |     2 |     1 |     2 |     1 |       ||     6
Invok: Stomp             |       |       |       |     3 |    11 |    11 ||    25
       Line Pass         |       |       |       |     2 |     5 |     1 ||     8
       Grand Finale      |       |       |       |       |     1 |       ||     1
 Abil: Evoke Flight      |       |       |       |       |       |     2 ||     2
Evoke: Wand              |       |       |     1 |       |     1 |       ||     2
       Rod               |       |       |       |       |     1 |       ||     1
  Use: Scroll            |     4 |     6 |     7 |     7 |    18 |    12 ||    54
       Potion            |       |     1 |     6 |     1 |     3 |     2 ||    13
 Stab: Sleeping          |     1 |     1 |     4 |     6 |       |       ||    12
       Distracted        |       |       |     1 |     1 |       |       ||     2
       Held in net/web   |       |       |     1 |       |     1 |       ||     2
       Paralysed         |       |       |       |    16 |    64 |    54 ||   134
       Confused          |       |       |       |       |     1 |     1 ||     2
  Eat: Chunk             |     1 |     5 |    19 |    20 |    41 |    20 ||   106
       Beef jerky        |       |       |     1 |       |       |       ||     1
       Fruit             |       |       |       |       |     4 |    11 ||    15
       Pizza             |       |       |       |       |       |     1 ||     1
Armor: Robe              |    60 |    33 |    15 |    12 |       |       ||   120
       Animal skin       |       |       |    71 |       |       |       ||    71
       Gold dragon armou |       |       |       |   524 |  1202 |   701 ||  2427
Dodge: Dodged            |   123 |    82 |   210 |   146 |   504 |   436 ||  1501
